 Dungeon Crawl Stone Soup version 0.30-a0-358-g0d69a1922f (webtiles) character file.

Game seed: 12981325364395914545

3750 fvnkdwnf the Blocker (level 9, 0/82 HPs)
             Began as a Minotaur Fighter on Nov 10, 2022.
             Slain by a death yak (15 damage)
             ... on level 8 of the Dungeon.
             The game lasted 00:13:53 (6568 turns).

fvnkdwnf the Blocker (Minotaur Fighter)             Turns: 6568, Time: 00:13:54

Health: 0/82       AC: 11    Str: 25    XL:     9   Next: 93%
Magic:  8/8        EV: 16    Int: 11    God:
Gold:   946        SH:  6    Dex: 10    Spells: 8/8 levels left

rFire   . . .      SeeInvis .    a - +0 war axe
rCold   . . .      Faith    .    c - +1 buckler
rNeg    . . .      Spirit   .    b - +0 scale mail
rPois   .          Reflect  .    (helmet restricted)
rElec   .          Harm     .    k - +2 cloak
rCorr   .          Rampage  .    (no gloves)
Will    .....                    (no boots)
Stlth   ..........               (no amulet)
HPRegen 0.33/turn                e - +4 ring of evasion
MPRegen 0.11/turn                A - +6 ring of intelligence

@: mighty
A: horns 2, retaliatory headbutt
a: no special abilities


You were on level 8 of the Dungeon.
You visited 2 branches of the dungeon, and saw 9 of its levels.
You also visited: Ossuary.

You collected 946 gold pieces.

Inventory:

Hand Weapons
 a - a +0 war axe (weapon)
Missiles
 q - a throwing net (quivered)
Armour
 b - a +0 scale mail (worn)
 c - a +1 buckler (worn)
 k - a +2 cloak (worn)
Jewellery
 e - a +4 ring of evasion (left hand)
 p - a ring of fire
 A - a +6 ring of intelligence (right hand)
Wands
 B - a wand of iceblast (10)
Scrolls
 j - a scroll of summoning
 n - 3 scrolls of fog
 s - a scroll of teleportation
 t - 2 scrolls of magic mapping
 w - 2 scrolls of enchant armour
 y - 3 scrolls of fear
 z - 2 scrolls of immolation
 C - a scroll of brand weapon {unknown}
Potions
 d - a potion of might
 f - 2 potions of cancellation
 g - 3 potions of attraction {unknown}
 h - 3 potions of haste
 i - 2 potions of magic
 l - 2 potions of heal wounds
 m - a potion of lignification {unknown}
 o - 2 potions of brilliance
 r - 5 potions of curing
 u - a potion of invisibility {unknown}
 v - 3 potions of degeneration {unknown}
 x - a potion of ambrosia {unknown}


   Skills:
 + Level 8.5 Fighting
 + Level 8.0 Axes
 + Level 8.5 Armour
 + Level 6.7 Dodging
 + Level 8.5 Shields


You had 8 spell levels left.
You didn't know any spells.
Your spell library contained the following spells:

 Spells                   Type           Power      Damage    Failure   Level
 Beastly Appendage        Tmut           0%         N/A       67%         1
 Freeze                   Ice            0%         1d3       67%         1
 Cigotuvi's Dreadful Rot  Necr/Pois/Air  0%         N/A       80%         2
 Sublimation of Blood     Necr           0%         N/A       80%         2
 Wereblood                Tmut           0%         N/A       80%         2
 Frozen Ramparts          Ice            0%         1d1       95%         3
 Hailstorm                Conj/Ice       0%         3d3       95%         3
 Spider Form              Tmut/Pois      0%         N/A       95%         3
 Dispel Undead            Necr           0%         3d6       100%        4
 Death Channel            Necr           0%         N/A       100%        6
 Summon Hydra             Summ           0%         N/A       100%        7


Dungeon Overview and Level Annotations

Branches:
Dungeon (8/15)             Temple (1/1) D:6         Ossuary (visited)
   Lair: D:8-11

Altars:
Cheibriados
Dithmenos
Elyvilon
Fedhas
Gozag
Hepliaklqana
Kikubaaqudgha
Makhleb
Qazlal
Sif Muna
Trog
Uskayaw
Vehumet
Wu Jian
Yredelemnul
Zin
The Shining One

Shops:
D:7 *

Annotations:
D:3 2 transporters, Kinoniko's ghost, amateur OgBe


Innate Abilities, Weirdness & Mutations

You have a pair of horns on your head.
You reflexively headbutt those who attack you in melee.


Message History

The death yak is severely wounded.
The death yak closely misses you. You furiously retaliate!
You headbutt the death yak. You slash the death yak!
The death yak is almost dead.
The death yak gores you but does no damage.
You completely miss the death yak.
The death yak is almost dead.
The death yak gores you.
You slice the death yak!!
You kill the death yak!
The death yak misses you.
Your Axes skill increases to level 8!
You barely miss the death yak. The death yak completely misses you.
You hit the death yak but do no damage.
You headbutt the death yak, but do no damage.
The death yak gores you!!
You slash the death yak! You headbutt the death yak!!
The death yak is moderately wounded.
You block the death yak's attack.
You barely miss the death yak. You headbutt the death yak.
The death yak is heavily wounded.
The death yak barely misses you.
You barely miss the death yak.
The death yak is heavily wounded.
The death yak gores you!
You barely miss the death yak.
The death yak is moderately wounded.
The death yak gores you!
* * * LOW HITPOINT WARNING * * *
You barely miss the death yak.
The death yak is moderately wounded.
The death yak snorts and paws the ground.
The death yak completely misses you. You furiously retaliate!
You headbutt the death yak! The death yak barely misses you.
You furiously retaliate!
You headbutt the death yak! You slash the death yak!
You headbutt the death yak!
The death yak is almost dead.
The death yak gores you!
You die...

#....................
#....[........Y......
#....................
#....................
#........)###.....r#.
#.[......).r#...##..
#........)#Y#.#.# ..
......###...#Y#.#...
####### ###.#@#.# ##
###### #.#.#.#
.....#########.#.#.#
'###.##......#.#.#.#
......#.####.#.#.#.###
))....#.# #.#.#.....#
.)......# #.#.####..#
))....###
#......#..######
......#
#......#.......#


You could see 2 death yaks and a hell rat.

Vanquished Creatures
  A death yak (D:8)
  2 wyverns (D:7)
  Duvessa (D:7)
  3 ogres
  A kobold brigand (D:8)
  4 elf zombies (Ossuary)
  3 bullfrogs (D:7)
  A necrophage (D:7)
  2 scorpions
  9 wights
  Dowan (D:7)
  2 howler monkeys (D:5)
  5 centaur zombies (Ossuary)
  2 hounds (D:5)
  3 human zombies (Ossuary)
  A gnoll bouda (D:4)
  6 orc priests
  A jelly (D:6)
  5 iguanas
  10 orc wizards
  3 mummies (Ossuary)
  6 gnolls
  6 adders
  A shadow imp (D:6)
  2 white imps (D:5)
  6 dart slugs
  30 orcs
  7 endoplasms
  9 giant cockroaches
  9 goblins
  9 hobgoblins
  12 kobolds
  2 quokkas
  8 ball pythons
  5 bats
  8 frilled lizards
  2 rats
188 creatures vanquished.

Vanquished Creatures (others)
  An orc wizard (D:3)
  3 plants (D:2)
4 creatures vanquished.

Grand Total: 192 creatures vanquished

Notes
Turn   | Place    | Note
-------+----------+-------------------------------------------
     0 | D:1      | fvnkdwnf the Minotaur Fighter began the quest for the Orb.
     0 | D:1      | Reached XP level 1. HP: 19/19 MP: 0/0
   102 | D:1      | Reached XP level 2. HP: 27/27 MP: 1/1
  1043 | D:2      | Reached XP level 3. HP: 33/33 MP: 2/2
  1259 | D:2      | Found a radiant altar of Vehumet.
  1326 | D:2      | Reached skill level 1 in Dodging
  1813 | D:3      | Reached XP level 4. HP: 40/40 MP: 3/3
  1876 | D:3      | Found a hide-covered altar of Uskayaw.
  2156 | D:3      | Found a transporter.
  2178 | D:3      | Found a transporter.
  2181 | D:3      | Noticed Kinoniko's ghost (amateur OgBe)
  2209 | D:3      | Reached XP level 5. HP: 31/47 MP: 4/4
  2457 | D:4      | Found a sand-covered staircase.
  2493 | Ossuary  | Entered an ossuary
  2507 | Ossuary  | Reached XP level 6. HP: 53/55 MP: 5/5
  2515 | Ossuary  | Reached skill level 5 in Fighting
  2515 | Ossuary  | Reached skill level 5 in Armour
  2515 | Ossuary  | Reached skill level 5 in Shields
  2624 | Ossuary  | Reached XP level 7. HP: 31/61 MP: 6/6
  2740 | Ossuary  | Reached skill level 5 in Axes
  3208 | D:4      | Found a radiant altar of Vehumet.
  3332 | D:4      | Reached XP level 8. HP: 70/70 MP: 7/7
  3874 | D:5      | Entered Level 5 of the Dungeon
  3874 | D:5      | Found a snail-covered altar of Cheibriados.
  4185 | D:5      | Reached skill level 5 in Dodging
  4190 | D:5      | Found a shadowy altar of Dithmenos.
  4409 | D:5      | Found a burning altar of Makhleb.
  5121 | D:6      | Found a staircase to the Ecumenical Temple.
  5155 | Temple   | Entered the Ecumenical Temple
  5443 | D:7      | Found Eme Buni's Assorted Antiques.
  5450 | D:7      | Reached XP level 9. HP: 62/73 MP: 8/8
  5597 | D:7      | Identified a scroll of acquirement
  5597 | D:7      | Acquired 600 gold pieces
  5619 | D:7      | Found a stormy altar of Qazlal.
  5980 | D:7      | Noticed Duvessa
  5980 | D:7      | Noticed Dowan
  5994 | D:7      | Killed Duvessa
  6012 | D:7      | Killed Dowan
  6537 | D:8      | Noticed a death yak
  6537 | D:8      | Noticed a death yak
  6540 | D:8      | Noticed a death yak
  6560 | D:8      | Killed a death yak
  6568 | D:8      | Slain by a death yak

Illustrated notes

Levels and vault maps discovered:
D:1:      shiori_shiawase, layout_basic, amcnicky_mini_pool_small,
          dreamdust_princess_bridge
D:2:      layout_basic, basic_altar, serial_bayou, serial_bayou_pond_b,
          serial_bayou_pond_e, serial_bayou_ford_a, serial_bayou_pond_c,
          solitary_fountain
D:3:      layout_basic, mainiacjoe_overflow_catwalk, gammafunk_ghost_mausoleum
D:4:      layout_loops_cross, lemuel_doored_altar, enter_ossuary_3
D:5:      layout_basic, mainiacjoe_overflow_small_starburst,
          cheibriados_altar_1, nicolae_overflow_hidden_temple
D:6:      layout_basic, temple_pool_b, hangedman_abyss_or_decor_stabs
D:7:      layout_gridville, grunt_qazlal_sundering, nicolae_stop_n_shop_1,
          uniq_duvessa
D:8:      layout_basic, mainiacjoe_overflow_boulevard, dpeg_lair_monsters,
          minmay_misc_feat_encased
Temple:   minmay_temple_curvy_loop

Skill      XL: |  1  2  3  4  5  6  7  8  9 |
---------------+----------------------------+-----
Shields        | 4 5 6 7 8 |  8.5
Fighting       | 4 5 6 7 8 |  8.5
Armour         | 4 5 6 7 8 |  8.5
Axes           | 3 4 5 6 8 |  8.0
Dodging        | 1 2 3 4 5 6 |  6.7

Action                   |  1- 3 |  4- 6 |  7- 9 || total
-------------------------+-------+-------+-------++-------
Melee: War axe           |    97 |    81 |   297 ||   475
       Headbutt          |    17 |    15 |    49 ||    81
  Use: Scroll            |     5 |     4 |     8 ||    17
       Potion            |       |       |     3 ||     3
Armor: Scale mail        |    36 |    61 |   113 ||   210
Dodge: Dodged            |    58 |    76 |   179 ||   313
Block: Buckler           |    19 |    19 |    88 ||   126

Table legend: (Time is in decaauts)
 A = Elapsed time spent in this place.
 B = Non-inter-level travel time spent in this place.
 C = Inter-level travel time spent in this place.
 D = Time resting spent in this place.
 E = Time spent auto-exploring this place.
 F = Levels seen in this place.
 G = Mean time per level.
                   A        B        C        D        E       F      G
               +--------+--------+--------+--------+--------+-----+--------+
         Total |   6733 |   6517 |    216 |    201 |   4921 |  10 |  673.3 |
       Dungeon |   6168 |   5976 |    192 |    167 |   4558 |   8 |  771.0 |
        Temple |    216 |    192 |     24 |      0 |    188 |   1 |  216.0 |
       Ossuary |    348 |    348 |      0 |     34 |    175 |   1 |  348.0 |
               +--------+--------+--------+--------+--------+-----+--------+

Top non-repeatable levels by time:
     D:4: 1113 daAuts
     D:1: 1057 daAuts
     D:5: 876 daAuts
     D:2: 785 daAuts
     D:7: 709 daAuts
     D:3: 686 daAuts
     D:6: 502 daAuts
     D:8: 435 daAuts
 Ossuary: 348 daAuts
  Temple: 216 daAuts
